 Dungeon Crawl Stone Soup version 0.23-a0-296-ga3b1b28ecf (webtiles) character file.

10 Holzbalken the Cudgeler (level 2, 0/22 HPs)
             Began as a Demonspawn Gladiator on Oct 5, 2018.
             Slain by an ooze (4 damage)
             ... on level 3 of the Dungeon.
             The game lasted 00:02:25 (556 turns).

Holzbalken the Cudgeler (Demonspawn Gladiator)       Turns: 556, Time: 00:02:26

Health: 0/22       AC:  8    Str: 14    XL:     2   Next: 10%
Magic:  2/2        EV: 11    Int:  9    God:
Gold:   87         SH:  0    Dex: 14    Spells: 1/1 levels left

rFire    . . .     SeeInvis .   a - +0 flail
rCold    . . .     Gourm    .   (no shield)
rNeg     . . .     Faith    .   h - +0 ring mail
rPois    .         Spirit   .   c - +0 helmet
rElec    .         Reflect  .   (no cloak)
rCorr    .         Harm     .   (no gloves)
MR       .....                  (no boots)
Stlth    +.........             (no amulet)
HPRegen  0.07/turn              (no ring)
MPRegen  0.08/turn              (no ring)

@: no status effects
A: icy blue scales 1
a: no special abilities


You were on level 3 of the Dungeon.
You were not hungry.

You visited 1 branch of the dungeon, and saw 3 of its levels.

You collected 87 gold pieces.

Inventory:

Hand Weapons
 a - a +0 flail (weapon)
Missiles
 d - 3 throwing nets (quivered)
 e - 68 stones
Armour
 b - a +0 leather armour
 c - a +0 helmet (worn)
 h - a +0 ring mail (worn)
Scrolls
 g - 2 scrolls of enchant armour {unknown}
 i - 3 scrolls of identify {unknown}
 l - a scroll of remove curse {unknown}
Potions
 k - a potion of curing {unknown}
Comestibles
 f - 5 rations


   Skills:
 - Level 2.0 Fighting
 + Level 3.3 Maces & Flails
 - Level 1.7 Throwing
 - Level 2.6 Dodging


You had one spell level left.
You didn't know any spells.
Your spell library was empty.

Dungeon Overview and Level Annotations

Branches:
Dungeon (3/15)

Altars:


Innate Abilities, Weirdness & Mutations

You are partially covered in icy blue scales. (AC +2)


Message History

The ooze barely misses you. The goblin hits you but does no damage.
The ooze hits you. The goblin hits you. The ooze misses you.
The goblin barely misses you. The ooze hits you. The goblin hits you.
The ooze misses you. The goblin closely misses you. The ooze hits you.
The goblin barely misses you. The ooze barely misses you. The goblin hits you.
The ooze hits you but does no damage. The goblin barely misses you.
A bat comes into view.
The ooze misses you. The goblin barely misses you.
The bat moves out of view.
The ooze hits you.
* * * LOW HITPOINT WARNING * * *
The goblin hits you.
* * * LOW HITPOINT WARNING * * *
The ooze barely misses you. The goblin hits you but does no damage.
The ooze hits you but does no damage. The goblin closely misses you.
The ooze hits you but does no damage. The goblin barely misses you.
The ooze hits you but does no damage. The goblin barely misses you.
The ooze hits you.
You die... ....$....# ........### .......#. ....... .#.#.## bl...

#g#.# #@#<#
#J#.#
######.#.#
..........#
#######.###
#.# ..#
####


You could see an ooze, a goblin, a bat and a frilled lizard.

Vanquished Creatures
  A dart slug (D:1)
  A leopard gecko (D:1)
  A bat (D:1)
  A goblin (D:1)
  2 hobgoblins (D:1)
6 creatures vanquished.

Notes
Turn   | Place    | Note
-------+----------+-------------------------------------------
     0 | D:1      | Holzbalken the Demonspawn Gladiator began the quest for the
                  | Orb.
     0 | D:1      | Reached XP level 1. HP: 16/16 MP: 1/1
   287 | D:1      | Reached skill level 3 in Maces & Flails
   470 | D:1      | Gained mutation: You are partially covered in icy blue
                  | scales. (AC +2) [demonic ancestry]
   470 | D:1      | Reached XP level 2. HP: 22/22 MP: 2/2
   556 | D:3      | Slain by an ooze

Vault maps used:
D:1:      minmay_arrival_shattered_statue
D:2:      lemuel_doored_altar
D:3:      nicolae_overflow_hidden_temple, first_ration

Skill      XL: |  1 |
---------------+----+-----
Maces & Flails | 3 |  3.3
Fighting       | |  2.0
Throwing       | |  1.7
Dodging        | |  2.6

Action                   || total
-------------------------++-------
Melee: Flail             ||    21
Armor: Ring mail         ||    15
Dodge: Dodged            ||    39

Table legend:
 A = Non-vault XP
 B = Vault XP
 C = Vault XP percentage of total XP
 D = Non-vault monster count
 E = Vault monster count
 F = Vault count percentage of total count
                 A         B        C        D         E       F
            +---------+---------+-------+---------+---------+-------
      Total |      15 |       0 |   0.0 |       6 |       0 |   0.0
            +---------+---------+-------+---------+---------+-------
        D:1 |      15 |       0 |   0.0 |       6 |       0 |   0.0
            +---------+---------+-------+---------+---------+-------
